| TOP OF THE 1ST |
|
Buffalo Bisons batting - Pitching for Toledo Mud Hens : RHP Dennis Deck
|
|
Pitching: RHP Dennis Deck
|
|
|
Batting: RHB Juan Villa
|
0-0: Called Strike 0-1: Ball 1-1: SINGLE (Line Drive, 89M, EV 101.9 MPH)
|
|
Batting: LHB Doe Boyland
|
0-0: Called Strike 0-1: Ball 1-1: Ball 2-1: Foul Ball, location: 2F 2-2: Ground out 5-3 (Groundball, 56, EV 105.6 MPH) Juan Villa to second
|
|
Batting: SHB George D Wright
|
0-0: Called Strike Juan Villa is caught stealing 3rd base 2-5 0-1: Called Strike 0-2: Ball 1-2: Foul Ball, location: 2F 1-2: Foul Ball, location: 2F 1-2: Fly out, F5 (Popup, 5SF, EV 84.4 MPH)
|
| Top of the 1st over - 0 runs, 1 hit, 0 errors, 0 left on base; Buffalo 0 - Toledo 0 |
| BOTTOM OF THE 1ST |
|
Toledo Mud Hens batting - Pitching for Buffalo Bisons : RHP Bill Landrum
|
|
Pitching: RHP Bill Landrum
|
|
|
Batting: LHB Larry Harlow
|
0-0: Foul Ball, location: 2F 0-1: Foul Ball, location: 2F 0-2: Foul Ball, location: 2F 0-2: Foul Ball, location: 2F 0-2: Ground out 6-3 (Groundball, 56, EV 103.1 MPH)
|
|
Batting: RHB Don Lyle
|
0-0: Fly out, F8 (Flyball, 89D, EV 103.1 MPH)
|
|
Batting: SHB Ken Henderson
|
0-0: Ground out U3 (Groundball, 34, EV 102.5 MPH)
|
| Bottom of the 1st over - 0 runs, 0 hits, 0 errors, 0 left on base; Buffalo 0 - Toledo 0 |
| TOP OF THE 2ND |
|
Buffalo Bisons batting - Pitching for Toledo Mud Hens : RHP Dennis Deck
|
|
Batting: RHB Philip Klimas
|
0-0: Fly out, F9 (Flyball, 9D, EV 74.4 MPH)
|
|
Batting: LHB Phillip Baskerville
|
0-0: Called Strike 0-1: Ball 1-1: SINGLE (Line Drive, 9S, EV 103.1 MPH)
|
|
Batting: RHB Bill Bathe
|
0-0: Grounds into double play, 5-4-3 (Groundball, 56, EV 103.8 MPH)
|
| Top of the 2nd over - 0 runs, 1 hit, 0 errors, 0 left on base; Buffalo 0 - Toledo 0 |
| BOTTOM OF THE 2ND |
|
Toledo Mud Hens batting - Pitching for Buffalo Bisons : RHP Bill Landrum
|
|
Batting: RHB Dave Kingman
|
0-0: Ball 1-0: Called Strike 1-1: Ball 2-1: Foul Ball, location: 2F 2-2: Fly out, F8 (Flyball, 8LM, EV 91.3 MPH)
|
|
Batting: LHB Ron Diggle
|
0-0: Ball 1-0: Called Strike 1-1: Reached on error, E7 (Flyball, 7LM, EV 110.6 MPH)
|
|
Batting: RHB Joey McEndree
|
0-0: Called Strike 0-1: Fly out, F8 (Line Drive, 8RM, EV 95.0 MPH)
|
|
Batting: RHB Dennis Odom
|
0-0: Swinging Strike 0-1: Foul Ball, location: 2F 0-2: Ball 1-2: Foul Ball, location: 2F 1-2: Fly out, F7 (Flyball, 7S, EV 83.8 MPH)
|
| Bottom of the 2nd over - 0 runs, 0 hits, 1 error, 1 left on base; Buffalo 0 - Toledo 0 |
| TOP OF THE 3RD |
|
Buffalo Bisons batting - Pitching for Toledo Mud Hens : RHP Dennis Deck
|
|
Batting: SHB George Zeber
|
0-0: Ball 1-0: Fly out, F8 (Flyball, 8RXD, EV 91.9 MPH)
|
|
Batting: RHB John Denman
|
0-0: DOUBLE (Line Drive, 78XD, EV 100.0 MPH)
|
|
Batting: RHB Nicholas Kintz
|
0-0: Called Strike John Denman steals 3rd base 0-1: Ball 1-1: SINGLE (Groundball, 25, EV 68.1 MPH) (infield hit)
|
|
Batting: RHB Juan Villa
|
0-0: Foul Ball, location: 2F 0-1: Ball 1-1: Ball 2-1: Swinging Strike 2-2: Foul Ball, location: 2F 2-2: Ball 3-2: Fly out, F9 (Flyball, 9LM, EV 95.0 MPH) Runner from 3rd tags up, SCORES, throw by RF
|
|
Batting: LHB Doe Boyland
|
0-0: Ball 1-0: Called Strike 1-1: Ball 2-1: Fly out, F7 (Flyball, 78S, EV 74.4 MPH)
|
| Top of the 3rd over - 1 run, 2 hits, 0 errors, 1 left on base; Buffalo 1 - Toledo 0 |
| BOTTOM OF THE 3RD |
|
Toledo Mud Hens batting - Pitching for Buffalo Bisons : RHP Bill Landrum
|
|
Batting: LHB George LaCoe
|
0-0: Ball 1-0: Called Strike 1-1: SINGLE (Flyball, 89S, EV 98.8 MPH)
|
|
Batting: RHB Gary Allenson
|
0-0: Ball 1-0: Called Strike 1-1: Called Strike 1-2: Ground out 3-1 (Groundball, 34S, EV 63.8 MPH) George LaCoe to second
|
|
Batting: LHB Larry Harlow
|
0-0: Ball George LaCoe steals 3rd base 1-0: Swinging Strike 1-1: Ball 2-1: Swinging Strike 2-2: Ball 3-2: SINGLE (Groundball, 3D, EV 108.8 MPH) George LaCoe scores
|
|
Batting: RHB Don Lyle
|
0-0: SINGLE (Groundball, 4MS, EV 72.5 MPH) (infield hit) Larry Harlow to second
|
|
Batting: SHB Ken Henderson
|
0-0: Ball 1-0: Swinging Strike 1-1: Fly out, F9 (Flyball, 8RS, EV 81.3 MPH)
|
|
Batting: RHB Dave Kingman
|
0-0: Called Strike 0-1: Called Strike 0-2: 3-RUN HOME RUN (Flyball, 78XD, EV 98.1 MPH), Distance : 413 ft
|
|
Batting: LHB Ron Diggle
|
0-0: Foul Ball, location: 2F 0-1: Ball 1-1: SINGLE (Line Drive, 78M, EV 103.8 MPH)
|
|
Batting: RHB Joey McEndree
|
0-0: Swinging Strike 0-1: Swinging Strike 0-2: Ball 1-2: Foul Ball, location: 2F 1-2: Ball 2-2: Fly out, F9 (Flyball, 9S, EV 78.1 MPH)
|
| Bottom of the 3rd over - 4 runs, 5 hits, 0 errors, 1 left on base; Buffalo 1 - Toledo 4 |
| TOP OF THE 4TH |
|
Buffalo Bisons batting - Pitching for Toledo Mud Hens : RHP Dennis Deck
|
|
Batting: SHB George D Wright
|
0-0: Called Strike 0-1: Foul Ball, location: 2F 0-2: Ball 1-2: Strikes out swinging passed ball, reaches first!
|
|
Batting: RHB Philip Klimas
|
0-0: Ball 1-0: Ball 2-0: SINGLE (Line Drive, 7S, EV 84.4 MPH) George D Wright to second
|
|
Batting: LHB Phillip Baskerville
|
0-0: SINGLE (Flyball, 34D, EV 81.3 MPH) George D Wright to third Philip Klimas to second
|
|
Batting: RHB Bill Bathe
|
0-0: Ball 1-0: DOUBLE (Line Drive, 78XD, EV 101.9 MPH) George D Wright scores Philip Klimas scores Phillip Baskerville to third
|
|
Batting: SHB George Zeber
|
0-0: Ball 1-0: Foul Ball, location: 2F 1-1: Ground out 6-3 (Groundball, 4M, EV 82.5 MPH) Phillip Baskerville scores Bill Bathe to third
|
|
Batting: RHB John Denman
|
0-0: Swinging Strike 0-1: Ball 1-1: Called Strike 1-2: Strikes out swinging
|
|
Batting: RHB Nicholas Kintz
|
0-0: Ball 1-0: Foul Ball, location: 2F 1-1: Ball 2-1: Swinging Strike 2-2: Fly out, F6 (Popup, 4MD, EV 58.1 MPH)
|
| Top of the 4th over - 3 runs, 3 hits, 0 errors, 1 left on base; Buffalo 4 - Toledo 4 |
| BOTTOM OF THE 4TH |
|
Toledo Mud Hens batting - Pitching for Buffalo Bisons : RHP Bill Landrum
|
|
Batting: RHB Dennis Odom
|
0-0: Foul Ball, location: 2F 0-1: Ball 1-1: Swinging Strike 1-2: Ball 2-2: Ground out 6-3 (Groundball, 6, EV 103.8 MPH)
|
|
Batting: LHB George LaCoe
|
0-0: Called Strike 0-1: Swinging Strike 0-2: Ball 1-2: Ball 2-2: Fly out, F9 (Flyball, 9D, EV 99.4 MPH)
|
|
Batting: RHB Gary Allenson
|
0-0: Ball 1-0: Ball 2-0: Ball 3-0: Called Strike 3-1: Fly out, F9 (Line Drive, 9, EV 93.1 MPH)
|
| Bottom of the 4th over - 0 runs, 0 hits, 0 errors, 0 left on base; Buffalo 4 - Toledo 4 |
| TOP OF THE 5TH |
|
Buffalo Bisons batting - Pitching for Toledo Mud Hens : RHP Dennis Deck
|
|
Batting: RHB Juan Villa
|
0-0: Called Strike 0-1: Ball 1-1: SINGLE (Groundball, P, EV 78.8 MPH) (infield hit)
|
|
Batting: LHB Doe Boyland
|
0-0: Ball 1-0: Ball 2-0: Swinging Strike 2-1: Foul Ball, location: 2F 2-2: Strikes out looking
|
|
Batting: SHB George D Wright
|
0-0: Swinging Strike 0-1: SINGLE (Groundball, 25, EV 71.3 MPH) (infield hit) Juan Villa to second
|
|
Batting: RHB Philip Klimas
|
0-0: Foul Ball, location: 2F 0-1: Foul Ball, location: 2F 0-2: Ball 1-2: SINGLE (Line Drive, 78S, EV 106.9 MPH) Juan Villa to third George D Wright to second Runner from 3rd tries for Home, SAFE, throw by LF to home
|
|
Pitching: RHP Kenneth Noble
|
|
|
Batting: LHB Phillip Baskerville
|
0-0: Ball 1-0: Called Strike George D Wright steals 3rd base Philip Klimas to second 1-1: Ball 2-1: Ball 3-1: Swinging Strike 3-2: Foul Ball, location: 2F 3-2: Strikes out swinging
|
|
Batting: RHB Bill Bathe
|
0-0: Ball 1-0: Fly out, F3 (Popup, 3F, EV 77.5 MPH)
|
| Top of the 5th over - 1 run, 3 hits, 0 errors, 2 left on base; Buffalo 5 - Toledo 4 |
| BOTTOM OF THE 5TH |
|
Toledo Mud Hens batting - Pitching for Buffalo Bisons : RHP Bill Landrum
|
|
Batting: LHB Larry Harlow
|
0-0: Called Strike 0-1: Swinging Strike 0-2: Strikes out swinging
|
|
Batting: RHB Don Lyle
|
0-0: Called Strike 0-1: Ball 1-1: Fly out, F6 (Popup, 6MD, EV 68.1 MPH)
|
|
Batting: SHB Ken Henderson
|
0-0: Fly out, F8 (Flyball, 8LXD, EV 97.5 MPH)
|
| Bottom of the 5th over - 0 runs, 0 hits, 0 errors, 0 left on base; Buffalo 5 - Toledo 4 |
| TOP OF THE 6TH |
|
Buffalo Bisons batting - Pitching for Toledo Mud Hens : RHP Kenneth Noble
|
|
Batting: SHB George Zeber
|
0-0: Called Strike 0-1: Called Strike 0-2: Ground out 5-3 (Groundball, 56, EV 91.3 MPH)
|
|
Batting: RHB John Denman
|
0-0: Called Strike 0-1: Called Strike 0-2: Ball 1-2: Strikes out swinging
|
|
Batting: RHB Nicholas Kintz
|
0-0: Ball 1-0: TRIPLE (Line Drive, 9LD, EV 101.9 MPH)
|
|
Batting: RHB Juan Villa
|
0-0: Ball 1-0: Ball 2-0: Ball Wild Pitch! Nicholas Kintz scores 3-0: Base on Balls
|
|
Batting: LHB Doe Boyland
|
0-0: Ball 1-0: Called Strike 1-1: Ball 2-1: Ball Juan Villa steals 2nd base 3-1: Foul Ball, location: 2F 3-2: Base on Balls
|
|
Batting: SHB George D Wright
|
0-0: Ball 1-0: Called Strike 1-1: SINGLE (Line Drive, 56, EV 95.6 MPH) Juan Villa to third Doe Boyland to second Runner from 3rd tries for Home, SAFE, throw by LF to home
|
|
Batting: RHB Philip Klimas
|
0-0: Ball 1-0: Ball 2-0: Ground out U3 (Groundball, 34S, EV 78.8 MPH)
|
| Top of the 6th over - 2 runs, 2 hits, 0 errors, 2 left on base; Buffalo 7 - Toledo 4 |
| BOTTOM OF THE 6TH |
|
Toledo Mud Hens batting - Pitching for Buffalo Bisons : RHP Bill Landrum
|
|
Batting: RHB Dave Kingman
|
0-0: Ball 1-0: Ball 2-0: Ground out 4-3 (Groundball, 13, EV 81.9 MPH)
|
|
Batting: LHB Ron Diggle
|
0-0: Foul Ball, location: 2F 0-1: Fly out, F9 (Flyball, 9, EV 96.9 MPH)
|
|
Batting: RHB Joey McEndree
|
0-0: Fly out, F8 (Flyball, 89M, EV 93.1 MPH)
|
| Bottom of the 6th over - 0 runs, 0 hits, 0 errors, 0 left on base; Buffalo 7 - Toledo 4 |
| TOP OF THE 7TH |
|
Buffalo Bisons batting - Pitching for Toledo Mud Hens : RHP Kenneth Noble
|
|
Batting: LHB Phillip Baskerville
|
0-0: Ball 1-0: Ball 2-0: Called Strike 2-1: Ball 3-1: DOUBLE (Line Drive, 9LM, EV 103.8 MPH)
|
|
Batting: RHB Bill Bathe
|
0-0: Bunt missed! 0-1: Bunt missed! 0-2: Ball 1-2: Strikes out swinging
|
|
Batting: SHB George Zeber
|
0-0: Ball 1-0: Ball 2-0: Called Strike 2-1: Ground out U3 (Groundball, 34, EV 90.6 MPH) Phillip Baskerville to third
|
|
Batting: RHB John Denman
|
0-0: Called Strike 0-1: Foul Ball, location: 2F 0-2: Ball 1-2: Strikes out swinging
|
| Top of the 7th over - 0 runs, 1 hit, 0 errors, 1 left on base; Buffalo 7 - Toledo 4 |
| BOTTOM OF THE 7TH |
|
Toledo Mud Hens batting - Pitching for Buffalo Bisons : RHP Bill Landrum
|
|
Batting: RHB Dennis Odom
|
0-0: Called Strike 0-1: Ball 1-1: Ball 2-1: Foul Ball, location: 2F 2-2: Ball 3-2: Fly out, F1 (Line Drive, P, EV 67.5 MPH)
|
|
Batting: LHB George LaCoe
|
0-0: Ball 1-0: Ground out 6-3 (Groundball, 6D, EV 83.1 MPH)
|
|
Batting: RHB Gary Allenson
|
0-0: Ball 1-0: Called Strike 1-1: Foul Ball, location: 2F 1-2: Foul Ball, location: 2F 1-2: Foul Ball, location: 2F 1-2: Ball 2-2: Ball 3-2: Foul Ball, location: 2F 3-2: Fly out, F9 (Flyball, 9, EV 93.8 MPH)
|
| Bottom of the 7th over - 0 runs, 0 hits, 0 errors, 0 left on base; Buffalo 7 - Toledo 4 |
| TOP OF THE 8TH |
|
Buffalo Bisons batting - Pitching for Toledo Mud Hens : RHP Kenneth Noble
|
|
Batting: RHB Nicholas Kintz
|
0-0: Ball 1-0: Foul Ball, location: 2F 1-1: Ball 2-1: SINGLE (Groundball, 4MD, EV 98.8 MPH)
|
|
Batting: RHB Juan Villa
|
0-0: Sac Bunt to 13S - play at first, batter OUT! 1-3 Nicholas Kintz to second
|
|
Batting: LHB Doe Boyland
|
0-0: Ground out 4-3 (Groundball, 4D, EV 105.6 MPH) Nicholas Kintz to third
|
|
Batting: SHB George D Wright
|
0-0: Called Strike 0-1: Swinging Strike 0-2: Ball 1-2: Ball 2-2: Foul Ball, location: 2F 2-2: SINGLE (Line Drive, 6MD, EV 102.5 MPH) Nicholas Kintz scores
|
|
Pitching: LHP Vincent Monti
|
|
|
Batting: RHB Philip Klimas
|
0-0: Swinging Strike 0-1: Swinging Strike 0-2: Strikes out swinging
|
| Top of the 8th over - 1 run, 2 hits, 0 errors, 1 left on base; Buffalo 8 - Toledo 4 |
| BOTTOM OF THE 8TH |
|
Toledo Mud Hens batting - Pitching for Buffalo Bisons : RHP Bill Landrum
|
|
Batting: LHB Larry Harlow
|
0-0: SINGLE (Groundball, 56D, EV 97.5 MPH)
|
|
Batting: RHB Don Lyle
|
0-0: Ball 1-0: Fly out, F9 (Flyball, 89S, EV 71.9 MPH)
|
|
Batting: SHB Ken Henderson
|
0-0: Called Strike 0-1: Swinging Strike 0-2: Foul Ball, location: 2F 0-2: Ball 1-2: Fly out, F8 (Flyball, 8LD, EV 91.9 MPH)
|
|
Batting: RHB Dave Kingman
|
0-0: Ball 1-0: Foul Ball, location: 2F 1-1: Ball 2-1: SINGLE (Line Drive, 56D, EV 103.8 MPH) Larry Harlow to second Runner from 2nd tries for 3rd, SAFE, no throw by LF
|
|
Batting: LHB Ron Diggle
|
0-0: Ball 1-0: Swinging Strike 1-1: Ground out 4-3 (Groundball, 34, EV 78.8 MPH)
|
| Bottom of the 8th over - 0 runs, 2 hits, 0 errors, 2 left on base; Buffalo 8 - Toledo 4 |
| TOP OF THE 9TH |
|
Buffalo Bisons batting - Pitching for Toledo Mud Hens : LHP Vincent Monti
|
|
Batting: LHB Phillip Baskerville
|
0-0: Called Strike 0-1: Foul Ball, location: 2F 0-2: Ball 1-2: Strikes out swinging
|
|
Batting: RHB Bill Bathe
|
0-0: Called Strike 0-1: Foul Ball, location: 2F 0-2: SINGLE (Line Drive, 6MD, EV 104.4 MPH)
|
|
Batting: SHB George Zeber
|
0-0: Ball 1-0: Ball 2-0: Foul Ball, location: 2F 2-1: Fly out, F1 (Line Drive, P, EV 71.9 MPH)
|
|
Batting: RHB John Denman
|
0-0: Fly out, F9 (Flyball, 9S, EV 83.8 MPH)
|
| Top of the 9th over - 0 runs, 1 hit, 0 errors, 1 left on base; Buffalo 8 - Toledo 4 |
| BOTTOM OF THE 9TH |
|
Toledo Mud Hens batting - Pitching for Buffalo Bisons : RHP Bill Landrum
|
|
Batting: RHB Joey McEndree
|
0-0: Called Strike 0-1: Ball 1-1: Called Strike 1-2: Ball 2-2: Ball 3-2: Foul Ball, location: 2F 3-2: Base on Balls
|
|
Batting: RHB Dennis Odom
|
0-0: Ball 1-0: Ball 2-0: Ball 3-0: Base on Balls Joey McEndree to second
|
|
Batting: LHB George LaCoe
|
0-0: Fielders Choice at 2nd, 4-6 (Groundball, 4S, EV 81.3 MPH) Joey McEndree to third
|
|
Batting: RHB Gary Allenson
|
0-0: Ball 1-0: Swinging Strike 1-1: Called Strike 1-2: Strikes out swinging
|
|
Batting: LHB Larry Harlow
|
0-0: Called Strike 0-1: Ground out 4-3 (Groundball, 34, EV 110.6 MPH)
|
| Bottom of the 9th over - 0 runs, 0 hits, 0 errors, 2 left on base; Buffalo 8 - Toledo 4 |
|